 Dungeon Crawl Stone Soup version 0.24-a0-312-g16217b4 (webtiles) character file.

Game seed: 990539112763740027

263 mhoghedin the Grave Robber (level 5, -4/35 HPs)
             Began as a Mummy Necromancer on May 15, 2019.
             Slain by a worker ant (5 damage)
             ... on level 4 of the Dungeon.
             The game lasted 00:07:21 (3589 turns).

mhoghedin the Grave Robber (Mummy Necromancer)      Turns: 3589, Time: 00:07:22

Health: -4/35      AC:  4    Str: 11    XL:     5   Next: 97%
Magic:  5/13       EV: 12    Int: 16    God:
Gold:   98         SH:  0    Dex: 12    Spells: 4/15 levels left

rFire    x . .     SeeInvis .   h - +1 dagger (venom)
rCold    + + .     Gourm    .   (no shield)
rNeg     + + +     Faith    .   k - +1 robe {rC+}
rPois    ∞         Spirit   .   (no helmet)
rElec    .         Reflect  .   (no cloak)
rCorr    .         Harm     .   (no gloves)
MR       .....                  d - +0 pair of boots
Stlth    ++........             (no amulet)
HPRegen  0.11/turn              (no ring)
MPRegen  0.13/turn              (no ring)

@: no status effects
A: no food or potions, fire vulnerability, cold resistance 1, negative energy
resistance 3, torment resistance, unbreathing
a: no special abilities


You were on level 4 of the Dungeon.
You were not hungry.

You visited 1 branch of the dungeon, and saw 4 of its levels.

You collected 98 gold pieces.

Inventory:

Hand Weapons
 b - a +0 dagger
   (You took it off a kobold on level 1 of the Dungeon)
 h - a +1 dagger of venom (weapon)
   (You took it off a goblin on level 2 of the Dungeon)
Missiles
 j - 6 curare-tipped darts (quivered)
Armour
 a - a +0 robe
 d - a +0 pair of boots (worn)
   (You found it on level 2 of the Dungeon)
 k - a +1 robe of cold resistance (worn)
   (You took it off an orc wizard on level 3 of the Dungeon)
Scrolls
 c - a scroll of enchant armour
 e - a scroll of enchant weapon
 g - a scroll of remove curse
 l - 2 scrolls of blinking {!r}


   Skills:
 - Level 1.5 Dodging
 - Level 1.5 Stealth
 - Level 5.5 Spellcasting
 + Level 5.9 Necromancy


You had 4 spell levels left.
You knew the following spells:

 Your Spells              Type           Power        Failure   Level  Hunger
a - Pain                  Necr           ###.         1%          1    N/A
b - Animate Dead          Necr           N/A          12%         4    N/A
c - Blink                 Tloc           N/A          22%         2    N/A
x - Vampiric Draining     Necr           ###.......   3%          3    N/A
A - Animate Skeleton      Necr           N/A          1%          1    N/A

Your spell library contained the following spells:

 Spells                   Type           Power        Failure   Level  Hunger
 Magic Dart               Conj           #...         14%         1    N/A
 Call Imp                 Summ           #.......     22%         2    N/A
 Slow                     Hex            #.......     22%         2    N/A
 Conjure Flame            Conj/Fire      #.......     41%         3    N/A
 Mephitic Cloud           Conj/Pois/Air  #.......     41%         3    N/A
 Regeneration             Chrm/Necr      Unusable     N/A         3    N/A

Dungeon Overview and Level Annotations

Branches:
Dungeon (4/15)
 Temple: D:4-7

Altars:

Portals:
Sewer: D:4

Annotations:
D:3 1 exclusion


Innate Abilities, Weirdness & Mutations

You do not eat or drink.
Your flesh is vulnerable to fire.
You are immune to poison.
Your flesh is cold resistant. (rC+)
You are immune to negative energy. (rN+++)
You are immune to unholy pain and torment.
You can survive without breathing.


Message History

As you read the scroll labeled ZUZYARGH NO YZA, it crumbles to dust.
It is a scroll of enchant weapon.
Your +0 dagger of venom glows red for a moment.
As you read the scroll labeled YPHAUG ERPHI, it crumbles to dust.
You hear a loud clanging noise!
It was a scroll of noise.
Your surroundings suddenly seem different.
An adder comes into view.
The adder hisses angrily.
A worker ant comes into view.
The worker ant twitches its antennae in your direction.
As you read the scroll labeled QOTOBLE RANIS, it crumbles to dust.
It is a scroll of enchant armour.
Your +0 robe of cold resistance glows green for a moment.
Okay, then.
Unknown command.
A worm comes into view.
You see here a scroll of enchant armour.
c - a scroll of enchant armour The worker ant bites you but does no damage.
The adder closely misses you. The worker ant barely misses you.
You closely miss the worker ant. The worker ant bites you.
You take 5 damage, and have 27/35 hp.
You hit the worker ant but do no damage.
The adder barely misses you. The worker ant bites you.
The adder closely misses you.
You take 3 damage, and have 24/35 hp.
You barely miss the worker ant. The worker ant barely misses you.
The adder bites you but does no damage. The worker ant barely misses you.
Unknown command.
Aim: an adder You feel life coursing into your body.
The adder bites you but does no damage. The worker ant misses you.
You regained 4 hp, and now have 28/35 hp.
You now have 7/13 mp.
Aim: an adder (severely wounded)
You kill the adder!
You feel life coursing into your body. The worker ant bites you.
You take 1 damage, and have 27/35 hp.
You now have 4/13 mp.
Unknown command.
You hit the worker ant but do no damage.
The worker ant is poisoned.
The worker ant bites you.
You take 4 damage, and have 23/35 hp.
You closely miss the worker ant. The worker ant bites you!
You take 8 damage, and have 15/35 hp.
MASSIVE DAMAGE!!
You hit the worker ant but do no damage.
The worker ant looks even sicker.
The worker ant bites you. x2
* * * LOW HITPOINT WARNING * * *
You take 5 damage, and have 10/35 hp.
Unknown command.
Aim: a worker ant (severely wounded, poisoned)
You kill the worker ant!
You feel life coursing into your body.
You regained 3 hp, and now have 13/35 hp.
You now have 1/13 mp.
Your magical contamination has completely faded away.
Aim: an orc, wielding a +0 flail and wearing a +0 leather armour You kill the orc!
You feel life coursing into your body.
You regained 4 hp, and now have 18/35 hp.
You now have 0/13 mp.
A giant cockroach comes into view.
You hear the rusting of a distant drain.
A worker ant comes into view.
The giant cockroach completely misses you.
Things that are here:
a +0 flail; a +0 leather armour The giant cockroach bites you but does no damage.
The worker ant twitches its antennae in your direction.
The giant cockroach bites you.
You take 1 damage, and have 19/35 hp.
Okay, then.
Unknown command.
A giant cockroach comes into view.
The worker ant barely misses you.
An orc comes into view. It is wielding a +0 mace.
The helpless giant cockroach fails to defend itself.
You puncture the giant cockroach!
You kill the giant cockroach!
The worker ant bites you!
You take 7 damage, and have 13/35 hp.
The worker ant bites you.
* * * LOW HITPOINT WARNING * * *
You take 5 damage, and have 8/35 hp.
An orc comes into view. It is wielding a +0 short sword.
The orc shouts!
You hear a shout! x3
The worker ant barely misses you.
An orc and an orc wizard come into view.
The orc shouts!
The orc wizard shouts!
The orc shouts!
A giant cockroach comes into view.
Found a glowing drain.
The orc hits you with a +0 short sword!
* * * LOW HITPOINT WARNING * * *
You take 8 damage, and have 1/35 hp.
MASSIVE DAMAGE!!
The adder hisses angrily.
The worker ant bites you.
You die...

#.w#.......### .
##o##.......# .
#.o..##...?..
#....# #.........
#)o..# .........
##...# .#......
#.so)##...#......##
#.a......# ......#
##@#####.# .....
#.#SS≈#.# #...
#.#s≈≈#.# #.<.
#.#≈∩≈#.# #o.[
#.#≈≈≈#.# ##..
#.#≈≈≈#.# ##.
..##+##.# .
......... . .


You could see a worker ant, 2 adders, 4 orcs and 2 giant cockroaches.

Vanquished Creatures
  An orc priest (D:3)
  A centaur skeleton (D:3)
  2 worker ants
  An orc wizard (D:3)
  3 gnolls (D:3)
  4 adders
  A leopard gecko (D:2)
  6 orcs
  7 bats
  5 giant cockroaches
  5 goblins
  6 hobgoblins
  6 jackals
  A quokka (D:2)
  2 frilled lizards
  3 kobolds
  10 rats
64 creatures vanquished.

Vanquished Creatures (collateral kills)
  A rat (D:1)
1 creature vanquished.

Grand Total: 65 creatures vanquished

Notes
Turn   | Place    | Note
-------+----------+-------------------------------------------
     0 | D:1      | mhoghedin the Mummy Necromancer began the quest for the
                  | Orb.
     0 | D:1      | Reached XP level 1. HP: 13/13 MP: 4/4
   183 | D:1      | Reached skill level 3 in Spellcasting
   187 | D:1      | HP: 3/13 [jackal (1)]
   450 | D:1      | Learned a level 1 spell: Animate Skeleton
   502 | D:1      | Reached XP level 2. HP: 19/19 MP: 6/6
   834 | D:1      | You fall through a shaft!
  1604 | D:2      | Reached XP level 3. HP: 24/24 MP: 4/8
  2044 | D:2      | Learned a level 3 spell: Vampiric Draining
  2049 | D:3      | Reached skill level 4 in Spellcasting
  2097 | D:3      | Reached skill level 5 in Necromancy
  2097 | D:3      | Reached XP level 4. HP: 30/30 MP: 7/10
  2182 | D:3      | Reached XP level 5. HP: 33/35 MP: 3/12
  2205 | D:3      | Learned a level 4 spell: Animate Dead
  2556 | D:3      | Reached skill level 5 in Spellcasting
  2700 | D:3      | Learned a level 2 spell: Blink
  3576 | D:4      | HP: 8/35 [worker ant (5)]
  3585 | D:4      | Found a glowing drain.
  3587 | D:4      | HP: 1/35 [orc/+0 short sword (9)]
  3589 | D:4      | Slain by a worker ant

Levels and vault maps discovered:
D:1:      dpeg_arrival_windows_large_door, layout_basic
D:2:      layout_basic
D:3:      layout_basic, first_ration
D:4:      layout_cave_pools, serial_shops, shop, gup_sewer_entry_glass

Skill      XL: |  1  2  3  4  5 |
---------------+----------------+-----
Spellcasting   | 3 4 5 |  5.5
Necromancy     | 5 |  5.9
Dodging        | |  1.5
Stealth        | |  1.5

Action                   |  1- 3 |  4- 6 || total
-------------------------+-------+-------++-------
Melee: Dagger            |    66 |    72 ||   138
Throw: Dart              |     1 |       ||     1
 Cast: Pain              |    50 |    13 ||    63
       Animate Skeleton  |     9 |       ||     9
       Vampiric Draining |       |    12 ||    12
       Animate Dead      |       |     4 ||     4
  Use: Scroll            |       |     7 ||     7
 Stab: Sleeping          |     3 |     1 ||     4
Armor: Robe              |    13 |    20 ||    33
Dodge: Dodged            |    58 |    55 ||   113

Table legend:
 A = Non-vault XP
 B = Vault XP
 C = Vault XP percentage of total XP
 D = Non-vault monster count
 E = Vault monster count
 F = Vault count percentage of total count
                 A         B        C        D         E       F
            +---------+---------+-------+---------+---------+-------
      Total |     376 |       0 |   0.0 |      65 |       0 |   0.0
            +---------+---------+-------+---------+---------+-------
        D:1 |      31 |       0 |   0.0 |      20 |       0 |   0.0
        D:2 |      28 |       0 |   0.0 |      12 |       0 |   0.0
        D:3 |     263 |       0 |   0.0 |      28 |       0 |   0.0
        D:4 |      54 |       0 |   0.0 |       5 |       0 |   0.0
            +---------+---------+-------+---------+---------+-------

Levels and vault maps discovered:
D:1:      dpeg_arrival_windows_large_door, layout_basic
D:2:      layout_basic
D:3:      layout_basic, first_ration
D:4:      layout_cave_pools, serial_shops, shop, gup_sewer_entry_glass

Table legend:
 A = Turns spent in this place as a percentage of turns spent in the entire game.
 B = Non-inter-level travel turns spent in this place as a percentage of non-inter-level travel turns spent in the entire game.
 C = Inter-level travel turns spent in this place as a percentage of turns spent in this place.
 D = Turns resting spent in this place as a percentage of non-inter-level travel turns spent in this place.
 E = Turns spent auto-exploring this place as a percentage of non-inter-level travel turns spent in this place.
 F = Non-inter-level travel turns spent in this place divided by the number of levels of this place that you've seen.
                   A       B       C       D       E      F
               +-------+-------+-------+-------+-------+----------------------
         Total | 100.0 | 100.0 |   4.4 |  25.1 |  56.8 | 858.0
       Dungeon | 100.0 | 100.0 |   4.4 |  25.1 |  56.8 | 858.0
               +-------+-------+-------+-------+-------+----------------------

Table legend:
 A = Kills in this place as a percentage of kills in entire the game.
 B = Kills by you in this place as a percentage of kills by you in the entire game.
 C = Kills by friends in this place as a percentage of kills by friends in the entire game.
 D = Other kills in this place as a percentage of other kills in the entire game.
 E = Experience gained in this place as a percentage of experience gained in the entire game.
 F = Experience gained in this place divided by the number of levels of this place that you have seen.
                   A       B       C       D       E      F
               +-------+-------+-------+-------+-------+----------------------
         Total | 100.0 | 100.0 | 100.0 |   N/A | 100.0 |  94.0
       Dungeon | 100.0 | 100.0 | 100.0 |   N/A | 100.0 |  94.0
               +-------+-------+-------+-------+-------+----------------------
